 Dungeon Crawl Stone Soup version 0.26-a0-661-g406de6ba63 (webtiles) character file.

Game seed: 10684181751694731441

2434 DerDa the Frost Mage (level 9, -7/65 HPs)
             Began as a Barachi Ice Elementalist on Oct 9, 2020.
             Was an Initiate of Sif Muna.
             Killed from afar by Erica (19 damage)
             ... with a lance of force
             ... on level 8 of the Dungeon.
             The game lasted 00:21:11 (8332 turns).

DerDa the Frost Mage (Barachi Ice Elementalist)     Turns: 8332, Time: 00:21:12

Health: -7/65      AC:  7    Str:  9    XL:     9   Next: 49%
Magic:  8/19       EV: 14    Int: 20    God:    Sif Muna [......]
Gold:   458        SH:  0    Dex: 12    Spells: 7/22 levels left

rFire    . . .     SeeInvis .   s - +2 war axe (vorpal)
rCold    + + .     Faith    .   (no shield)
rNeg     . . .     Spirit   .   w - +2 robe {rC+}
rPois    .         Reflect  .   z - +1 helmet
rElec    .         Harm     .   (no cloak)
rCorr    .         Rampage  .   u - +0 pair of gloves
MR       .....                  (no boots)
Stlth    ++........             H - amulet of magic regeneration
HPRegen  0.20/turn              O - ring of flight
MPRegen  0.41/turn              M - ring of protection from cold

@: lethally poisoned (-7 -> -20), slowed, very slow
A: +LOS, swims, slowness 1, strong legs 1
a: Hop, Renounce Religion, Evoke Flight


You were on level 8 of the Dungeon.
You worshipped Sif Muna.
Sif Muna was noncommittal.
You visited 2 branches of the dungeon, and saw 9 of its levels.

You collected 458 gold pieces.

Inventory:

Hand Weapons
 l - a +4 dagger of venom
 s - a +2 vorpal war axe (weapon)
 B - a +4 dagger of electrocution
 C - a +0 whip of freezing
 F - a +0 vorpal war axe
 K - a cursed +2 trident
 P - the +9 dagger of Pandemonium {freeze, Str+4 Dex-5 SInv}
   (You found it on level 8 of the Dungeon)

   It has been specially enchanted to freeze those struck by it, causing extra
   injury to most foes and up to half again as much damage against particularly
   susceptible opponents.
   It can also slow down cold-blooded creatures.
   It affects your strength (+4).
   It affects your dexterity (-5).
   It lets you see invisible.
Missiles
 c - 262 stones
 d - 16 poisoned darts (quivered)
 k - 68 bolts
 D - 8 javelins
Armour
 t - a +2 kite shield
 u - a +0 pair of gloves (worn)
 w - a +2 robe of cold resistance (worn)
 z - a +1 helmet (worn)
Jewellery
 f - an uncursed ring of protection from magic
 E - a +6 ring of intelligence
 H - an amulet of magic regeneration (around neck)
 M - a ring of protection from cold (right hand)
 O - a ring of flight (left hand)
Wands
 e - a wand of flame (17)
 x - a wand of paralysis (10)
 A - a wand of iceblast (20)
 I - a wand of digging (5)
 L - a wand of random effects (29)
Scrolls
 a - 2 scrolls of identify
 j - 2 scrolls of fear
 m - 2 scrolls of teleportation
 q - 5 scrolls of amnesia
 y - a scroll of enchant weapon {unknown}
 G - a scroll of remove curse
 J - a scroll of summoning {unknown}
 N - a scroll of random uselessness {unknown}
Potions
 b - a potion of mutation
 g - 6 potions of curing
 h - a potion of flight
 i - 3 potions of heal wounds
 n - 2 potions of magic
 o - 3 potions of haste
 p - 2 potions of resistance {unknown}
 r - 2 potions of invisibility {unknown}
 v - a potion of lignification {unknown}


   Skills:
 + Level 4.3 Fighting
 + Level 4.5 Dodging
 - Level 1.7 Stealth
 * Level 7.2 Spellcasting
 * Level 5.8 Conjurations
 * Level 9.6 Ice Magic


You had 7 spell levels left.
You knew the following spells:

 Your Spells              Type           Power        Failure   Level
a - Freeze                Ice            ####         1%          1
b - Frozen Ramparts       Ice            #####.       1%          3
c - Ozocubu's Armour      Ice            #####...     1%          3
d - Hailstorm             Conj/Ice       #####...     3%          4
e - Summon Ice Beast      Ice/Summ       ####....     13%         4

Your spell library contained the following spells:

 Spells                   Type           Power        Failure   Level


Dungeon Overview and Level Annotations

Branches:
Dungeon (8/15)             Temple (1/1) D:7
   Lair: D:8-11

Altars:
Ashenzari
Cheibriados
Dithmenos
Elyvilon
Fedhas
Gozag
Hepliaklqana
Kikubaaqudgha
Makhleb
Nemelex Xobeh
Okawaru
Qazlal
Ru
Sif Muna
Trog
Uskayaw
Vehumet
Wu Jian
Xom
Yredelemnul
Zin
The Shining One

Annotations:
D:8 Erica


Innate Abilities, Weirdness & Mutations

You can be seen from farther away. (+LOS)
You can swim through water.
You cover ground slowly.
You can hop short distances.


Message History

* * * LOW HITPOINT WARNING * * *
Casting: Hailstorm (dangerous; 3% risk of failure)
Confirm with . or Enter, or press ? or * to list all spells.
A cannonade of hail descends around you!
The hail pelts Erica!
Erica partially resists.
Erica is severely wounded.
* * * LOW HITPOINT WARNING * * *
You feel sick.
Erica resists.
The wall freezes Erica.
Casting: Hailstorm (dangerous; 3% risk of failure)
Confirm with . or Enter, or press ? or * to list all spells.
Aiming: Freeze (safe; 1% risk of failure)
Press: ? - help, Shift-Dir - straight line, f - Erica
Aim: Erica, wielding a +3 scimitar of flaming and wearing a +2 robe of cold resistance (severely wounded) Erica completely resists.
You freeze Erica but do no damage.
The frozen ramparts melt away.
* * * LOW HITPOINT WARNING * * *
You feel sick.
Erica points at you and mumbles some strange words.
The lance of force hits you!!
You die...

.......# .......#
.......#
.......###########
#...............#
#...............#
#...............#
#...............#
+#††[...........@#
...†............@#
.................#
.................#
..#####+###......#
..# #......# ..#
#......# ..'.
#...)..# ..###
#......#


You could see Erica.

Vanquished Creatures
  2 phantoms
  An orc warrior (D:6)
  An ogre (D:4)
  3 centaurs (D:5)
  3 bullfrogs
  A wyvern skeleton (D:7)
  A scorpion (D:8)
  10 wights
  3 howler monkeys
  3 hounds
  A jelly (D:8)
  A gnoll shaman (D:7)
  3 orc priests
  8 orc wizards
  A bullfrog skeleton (D:5)
  An iguana (D:5)
  6 worker ants
  13 gnolls
  6 adders
  A white imp (D:5)
  2 ufetubi
  An adder zombie (D:7)
  3 adder skeletons
  2 worms
  A dart slug (D:3)
  5 leopard geckos
  39 orcs
  3 ball pythons
  5 giant cockroaches
  11 goblins
  5 hobgoblins
  11 jackals
  6 kobolds
  6 quokkas
  8 bats
  6 frilled lizards
  A quokka zombie (D:5)
  8 rats
192 creatures vanquished.

Vanquished Creatures (others)
  An orc (D:8)
  A quokka (D:6)
2 creatures vanquished.

Grand Total: 194 creatures vanquished

Notes
Turn   | Place    | Note
-------+----------+-------------------------------------------
     0 | D:1      | DerDa the Barachi Ice Elementalist began the quest for the
                  | Orb.
     0 | D:1      | Reached XP level 1. HP: 13/13 MP: 3/3
   155 | D:1      | Reached skill level 5 in Ice Magic
   246 | D:1      | Reached XP level 2. HP: 19/19 MP: 2/5
   821 | D:1      | Reached XP level 3. HP: 21/24 MP: 4/7
   890 | D:1      | Learned a level 3 spell: Frozen Ramparts
   894 | D:1      | Learned a level 3 spell: Ozocubu's Armour
  1591 | D:2      | Reached XP level 4. HP: 15/30 MP: 0/9
  1752 | D:2      | Reached skill level 6 in Ice Magic
  1877 | D:2      | Found a hazy altar of Hepliaklqana.
  2147 | D:2      | Found a burning altar of Makhleb.
  2147 | D:2      | Noticed a cacodemon
  2624 | D:3      | Reached XP level 5. HP: 35/35 MP: 6/10
  2857 | D:3      | Found an ornate altar of the Wu Jian Council.
  3452 | D:3      | Found a glowing golden altar of the Shining One.
  3800 | D:4      | Noticed an ogre
  3808 | D:4      | Killed an ogre
  3808 | D:4      | Reached skill level 7 in Ice Magic
  3808 | D:4      | Reached XP level 6. HP: 41/41 MP: 7/13
  3814 | D:4      | Learned a level 4 spell: Hailstorm
  3971 | D:4      | Found an ancient bone altar of Kikubaaqudgha.
  4568 | D:4      | Reached skill level 1 in Conjurations
  4645 | D:5      | Entered Level 5 of the Dungeon
  4710 | D:5      | Reached skill level 5 in Spellcasting
  4826 | D:5      | Reached skill level 1 in Fighting
  4890 | D:5      | Reached XP level 7. HP: 21/48 MP: 8/14
  5586 | D:5      | Reached skill level 8 in Ice Magic
  5597 | D:5      | Reached XP level 8. HP: 52/56 MP: 7/16
  5874 | D:6      | Found a white marble altar of Elyvilon.
  7037 | D:7      | Reached skill level 9 in Ice Magic
  7288 | D:7      | Reached XP level 9. HP: 54/64 MP: 14/19
  7295 | D:7      | Learned a level 4 spell: Summon Ice Beast
  7301 | D:7      | Reached skill level 5 in Conjurations
  7370 | D:7      | Found a staircase to the Ecumenical Temple.
  7381 | Temple   | Entered the Ecumenical Temple
  7804 | D:7      | Found a shimmering blue altar of Sif Muna.
  7813 | D:7      | Became a worshipper of Sif Muna the Loreminder
  8289 | D:8      | Got an encrusted dagger
  8289 | D:8      | Identified the +9 dagger of Pandemonium {freeze, Str+4
                  | Dex-5 SInv} (You found it on level 8 of the Dungeon)
  8316 | D:8      | Noticed Erica
  8332 | D:8      | Killed from afar by Erica

Illustrated notes

Levels and vault maps discovered:
D:1:      psy_arrival_conway, layout_loops_cross, kennysheep_pointless_box
D:2:      layout_basic, lemuel_round_altar, serial_glass, glass_columns_c,
          glass_columns_b, makhleb_altar_promises_db
D:3:      layout_loops_ring, lemuel_round_altar, old_standard_altar
D:4:      layout_basic, kiku_gazebo_pond_becter, chequers_serial_rivers_marsh
D:5:      layout_gridville
D:6:      layout_loops_ring, elyvilon_altar_4, chequers_serial_rivers_micro_d
D:7:      layout_rooms, nicolae_overflow_crystal_walls,
          minmay_temple_entry_trees, supply_closet_lemuel
D:8:      layout_gridville, marbit_many_paths, uniq_erica, uniq_pikel,
          uniq_harold, uniq_maggie
Temple:   regret_index_temple_waves

Skill      XL: |  1  2  3  4  5  6  7  8  9 |
---------------+----------------------------+-----
Ice Magic      | 5 6 7 8 9 |  9.6
Spellcasting   | 3 4 5 6 7 |  7.2
Conjurations   | 2 3 4 5 |  5.8
Fighting       | 1 2 3 4 |  4.3
Dodging        | 3 4 |  4.5
Stealth        | |  1.7

Action                   |  1- 3 |  4- 6 |  7- 9 || total
-------------------------+-------+-------+-------++-------
Melee: Unarmed           |     5 |       |       ||     5
       Dagger            |    25 |       |       ||    25
       War axe           |       |    38 |   106 ||   144
Throw: Dart              |       |       |     6 ||     6
 Cast: Freeze            |    45 |    62 |    49 ||   156
       Frozen Ramparts   |     1 |    10 |    27 ||    38
       Hailstorm         |       |       |    18 ||    18
       Ozocubu's Armour  |       |       |     4 ||     4
  Use: Scroll            |       |    12 |       ||    12
Armor: Robe              |    15 |    29 |    49 ||    93
Dodge: Dodged            |    45 |    76 |   123 ||   244

Table legend: (Time is in decaauts)
 A = Elapsed time spent in this place.
 B = Non-inter-level travel time spent in this place.
 C = Inter-level travel time spent in this place.
 D = Time resting spent in this place.
 E = Time spent auto-exploring this place.
 F = Levels seen in this place.
 G = Mean time per level.
                   A        B        C        D        E       F      G
               +--------+--------+--------+--------+--------+-----+--------+
         Total |   9214 |   8926 |    288 |    359 |   7125 |   9 | 1023.8 |
       Dungeon |   9051 |   8844 |    207 |    359 |   7044 |   8 | 1131.4 |
        Temple |    162 |     82 |     80 |      0 |     80 |   1 |  162.0 |
               +--------+--------+--------+--------+--------+-----+--------+

Top non-repeatable levels by time:
     D:2: 1538 daAuts
     D:5: 1341 daAuts
     D:1: 1262 daAuts
     D:6: 1255 daAuts
     D:3: 1180 daAuts
     D:4: 1130 daAuts
     D:7: 1005 daAuts
     D:8: 337 daAuts
  Temple: 162 daAuts
